 Dungeon Crawl Stone Soup version 0.21.1-1-g345015fe64 (webtiles) character file.

103761 DildoBatman the Bewitcher (level 16, -6/121 HPs)
             Began as a Formicid Enchanter on Feb 15, 2018.
             Was a High Priest of Sif Muna.
             Mangled by a naga
             ... wielding a +0 halberd
              (9 damage)
             ... on level 2 of the Snake Pit on Feb 16, 2018.
             The game lasted 02:35:49 (31326 turns).

DildoBatman the Bewitcher (Formicid Enchanter)     Turns: 31326, Time: 02:35:50

Health: -6/121     AC: 21    Str: 30    XL:     16   Next: 90%
Magic:  1/32       EV:  7    Int: 27    God:    Sif Muna [*****.]
Gold:   729        SH:  0    Dex:  8    Spells: 23/39 levels left

rFire    . . .     SeeInvis +   a - +8 battleaxe of the Unseen Realm {protect, +Blink rC- Int+8}
rCold    . . .     Gourm    .   (no shield)
rNeg     . . .     Faith    +   p - +5 plate armour "Gehono" {-Tele Regen+ Str+4}
rPois    .         Spirit   .   (helmet unavailable)
rElec    .         Reflect  .   (no cloak)
rCorr    .         Harm     .   M - +0 pair of gloves of Too Many Cooks {Regen+ Str+6 Int+2 Dex-3}
MR       ++...                  K - +0 pair of boots
Stlth    ..........             h - amulet of faith
HPRegen  2.10/turn              s - ring of protection from cold
MPRegen  0.23/turn              f - +2 ring of slaying

@: lethally poisoned (-6 -> -6), very slightly contaminated, regenerating,
constricted, invisible
A: permanent stasis, dig shafts and tunnels, four strong arms, antennae 3,
clever 1, magic resistance 1
a: Dig, Shaft Self, Divine Energy, Channel Magic, Forget Spell, Renounce
Religion


You were on level 2 of the Snake Pit.
You worshipped Sif Muna.
Sif Muna was extremely pleased with you.
You were hungry.

You visited 6 branches of the dungeon, and saw 27 of its levels.
You also visited: Labyrinth and Ice Cave.

You collected 2442 gold pieces.
You spent 1713 gold pieces at shops.

Inventory:

Hand Weapons
 a - the +8 battleaxe of the Unseen Realm (weapon) {protect, +Blink rC- Int+8}
   (You found it on level 11 of the Dungeon)

   It protects the one who uses it against injury (+AC on strike).
   It affects your intelligence (+8).
   It makes you vulnerable to cold.
   It lets you blink.
 c - a +0 falchion of flaming
 d - a +0 quick blade
Armour
 o - a +0 troll leather armour
 p - the +5 plate armour "Gehono" (worn) {-Tele Regen+ Str+4}
   (You found it on level 8 of the Dungeon)

   It affects your strength (+4).
   It prevents most forms of teleportation.
   It increases your rate of regeneration.
 A - a +2 large shield of cold resistance
 K - a +0 pair of boots (worn)
 M - the +0 pair of gloves of Too Many Cooks (worn) {Regen+ Str+6 Int+2 Dex-3}
   (You found it on level 3 of the Lair of Beasts)

   It affects your strength (+6).
   It affects your intelligence (+2).
   It affects your dexterity (-3).
   It increases your rate of regeneration.
Magical Staves
 n - an uncursed staff of fire
Jewellery
 f - a +2 ring of slaying (right hand)
 h - an amulet of faith (around neck)
 j - an uncursed ring of positive energy
 s - a ring of protection from cold (left hand)
 O - an uncursed ring of ice
 S - an uncursed ring of protection from magic
Scrolls
 e - a scroll of enchant weapon {unknown}
 x - 12 scrolls of remove curse
 z - 10 scrolls of identify
 F - 6 scrolls of magic mapping
Potions
 b - a potion of lignification
 i - a potion of degeneration {unknown}
 k - a potion of berserk rage {unknown}
 t - 2 potions of flight
 y - 2 potions of invisibility
 L - 3 potions of curing
Miscellaneous
 J - a lightning rod (2/4)
Comestibles
 v - 40 rations


   Skills:
 - Level 9.6 Fighting
 - Level 1.0 Short Blades
 - Level 8.7 Armour
 - Level 7.7 Dodging
 - Level 7.0 Stealth
 * Level 6.8 Shields
 - Level 12.0 Spellcasting
 - Level 20.0 Hexes
 - Level 6.0 Charms
 - Level 6.0 Necromancy
 - Level 5.6 Air Magic
 - Level 3.3 Evocations


You had 23 spell levels left.
You knew the following spells:

 Your Spells              Type           Power        Failure   Level  Hunger
a - Slow                  Hex            #######.     0%          2    None
b - Confuse               Hex            #######.     1%          3    None
d - Regeneration          Chrm/Necr      #####.....   7%          3    None
f - Corona                Hex            #######      0%          1    None
j - Silence               Hex/Air        ######....   3%          5    ###....
z - Sublimation of Blood  Necr           #####.....   3%          2    None


Dungeon Overview and Level Annotations

Branches:
Dungeon (15/15)            Temple (1/1) D:6            Lair (6/6) D:10
 Shoals (1/4) Lair:4        Snake (2/4) Lair:4          Orc (2/2) D:9
    Elf (0/3) Orc:2        Vaults (0/5) D:14         Depths (0/5) D:15
  Slime: Lair:5-6

Altars:
Ashenzari
Cheibriados
Dithmenos
Elyvilon
Fedhas
Gozag
Hepliaklqana
Kikubaaqudgha
Makhleb
Nemelex Xobeh
Okawaru
Qazlal
Ru
Sif Muna
Trog
Uskayaw
Vehumet
Wu Jian
Xom
Yredelemnul
Zin
The Shining One

Shops:
D:4 [   D:5 *   D:8 ?   D:9 :   Orc:2 :[[*   Shoals:1 =

Annotations:
D:1 1 exclusion
D:10 exclusion: 2 ice statues
D:15 Rupert


Innate Abilities, Weirdness & Mutations

You cannot be hasted, slowed, berserked, paralysed or teleported.
You can dig through walls and to a lower floor.
Your four strong arms can wield two-handed weapons with a shield.
You have a pair of large antennae on your head. (SInv)
Your mind is acute. (Int +2)
You are resistant to hostile enchantments. (MR+)


Message History

The guardian serpent coils itself and performs some mystic snake dance.
The mana viper blinks!
The naga blinks!
The black mamba barely misses the naga ritualist.
The naga hits you with a halberd. The naga grabs you. The naga constricts you.
The mana viper bites you.
The guardian serpent coils itself and performs some mystic snake dance.
The naga blinks!
The naga's grasp on you weakens, but your attempt to escape fails.
You feel sick.
You are more poisoned.
The mana viper barely misses you.
The naga warrior hits you but does no damage.
The black mamba bites the guardian serpent.
The guardian serpent coils itself and performs some mystic snake dance.
The black mamba blinks!
The naga hits you with a halberd!
You die...

#.......####.....##
....##....## ##.....##
##.....## .........##.
#.....###
##.....##.........##.
##......###
###....##.......#...
###......##
##.....##.......N..
##......###.......##.........
###......#S.................
##.....§NSS...............
###...§.@N...............
##...NN................
###..§................
###.................
#.................
#.................
##............####
#.........#### #.......### ##


You could see a naga warrior, a naga ritualist, a mana viper, a guardian
serpent, a black mamba (confused) and 2 nagas.

Vanquished Creatures
  A frost giant (IceCv)
  Nessos (Lair:5)
  Josephine (D:11)
  An ettin (D:14)
  A minotaur (Lab)
  2 ogre magi (D:15)
  Harold (D:11)
  6 hydras
  4 vault guards (D:14)
  5 naga warriors
  An anaconda (Snake:2)
  6 two-headed ogres
  2 tengu warriors
  A centaur warrior (D:15)
  6 death yaks
  4 naga sharpshooters
  3 orc high priests (Orc:2)
  2 shock serpents (Snake:1)
  Sonja (D:10)
  7 skeletal warriors (D:14)
  A naga ritualist (Snake:1)
  2 sea snakes
  An unseen horror (D:12)
  3 harpies
  11 ugly things
  4 orc knights (Orc:2)
  7 mana vipers
  3 salamanders
  A faun (Lair:4)
  6 orc sorcerers
  A salamander (shapeshifter) (D:14)
  5 cyclopes
  A naga mage (Snake:2)
  A merfolk siren (Shoals:1)
  2 manticores
  Joseph (D:8)
  2 guardian serpents
  9 black mambas
  2 torpor snails
  3 centaur skeletons
  2 gargoyles (D:11)
  An ice statue (IceCv)
  2 rime drakes
  8 spiny frogs
  2 yaktaurs (D:15)
  A kobold demonologist (D:14)
  4 komodo dragons
  2 ice devils (Lair:3)
  A meliai (shapeshifter) (D:14)
  A harpy zombie (D:15)
  6 trolls
  2 merfolk (Shoals:1)
  18 polar bears
  A polar bear (shapeshifter) (D:14)
  2 hornets
  A wind drake (Shoals:1)
  A meliai zombie (D:14)
  9 hippogriffs
  63 yaks
  A shadow (D:12)
  3 vampires
  3 wraiths
  5 wyverns
  A fire elemental (D:14)
  A water elemental (D:14)
  Grum (D:9)
  2 basilisks
  11 vampire mosquitoes
  2 hungry ghosts
  3 wargs (Orc:1)
  Edmund (D:6)
  8 nagas
  16 water moccasins
  18 porcupines
  A hornet zombie (D:15)
  A sky beast (D:10)
  An eye of draining (D:14)
  A phantom (D:4)
  20 orc warriors
  4 ice beasts
  10 ogres
  5 black bears (D:10)
  2 necrophages
  11 wolves
  11 crocodiles
  18 centaurs
  2 big kobolds (D:12)
  10 bullfrogs
  A wyvern zombie (D:14)
  A water moccasin skeleton (D:8)
  8 scorpions
  7 killer bees
  12 wights
  6 electric eels
  9 howler monkeys
  2 crimson imps
  2 lava snakes (D:14)
  3 bullfrog zombies
  4 centaur zombies
  10 hounds
  3 quasits
  6 jellies
  12 orc priests
  A bullfrog skeleton (D:11)
  An iguana (D:12)
  5 worker ants
  20 orc wizards
  A hound skeleton (D:11)
  2 hound zombies
  4 gnolls (D:7)
  A howler monkey skeleton (D:4)
  22 adders
  2 worms (D:5)
  2 adder skeletons
  4 dart slugs
  2 leopard geckos
  60 orcs
  5 giant cockroaches
  8 goblins
  4 hobgoblins
  17 jackals
  4 quokkas
  A ball python (Lair:4)
  18 bats
  4 frilled lizards
  A jackal skeleton (D:8)
  12 kobolds
  A leopard gecko skeleton (D:5)
  A quokka zombie (D:6)
  7 rats
  19 fungi
  32 plants
769 creatures vanquished.

Vanquished Creatures (collateral kills)
  A crocodile (Lair:4)
1 creature vanquished.

Vanquished Creatures (others)
  A polar bear (IceCv)
  A water moccasin (Lair:4)
  An orc wizard (Orc:2)
  59 fungi
  32 plants
94 creatures vanquished.

Grand Total: 864 creatures vanquished

Notes
Turn   | Place    | Note
-------+----------+-------------------------------------------
     0 | D:1      | DildoBatman the Formicid Enchanter began the quest for the Orb.
     0 | D:1      | Reached XP level 1. HP: 13/13 MP: 3/3
   168 | D:1      | Reached skill level 1 in Fighting
   330 | D:1      | Reached XP level 2. HP: 21/22 MP: 3/5
   975 | D:1      | Reached XP level 3. HP: 27/28 MP: 4/6
   980 | D:1      | Learned a level 3 spell: Confuse
  1662 | D:2      | Reached XP level 4. HP: 32/35 MP: 7/7
  1966 | D:3      | Reached skill level 1 in Armour
  2515 | D:3      | Found a shattered altar of Ashenzari.
  2515 | D:3      | Found an opulent altar of Gozag.
  2516 | D:3      | Found a glowing silver altar of Zin.
  3197 | D:4      | Noticed a phantom
  3227 | D:4      | Killed a phantom
  3227 | D:4      | Reached XP level 5. HP: 18/41 MP: 3/8
  3227 | D:4      | Reached XP level 6. HP: 21/47 MP: 3/9
  3593 | D:4      | Found Homawnoa's Antique Armour Emporium.
  3948 | D:5      | Entered Level 5 of the Dungeon
  4011 | D:5      | Found an iron altar of Okawaru.
  4120 | D:5      | Reached XP level 7. HP: 55/55 MP: 8/10
  4188 | D:5      | Got an encrusted whip
  4198 | D:5      | Identified the cursed +2 whip of Context {drain, MR+} (You found it on level 5 of the Dungeon)
  4253 | D:5      | Reached skill level 5 in Fighting
  4365 | D:5      | Found Ylis's General Store.
  4743 | D:6      | Found a hide-covered altar of Uskayaw.
  4846 | D:6      | Reached XP level 8. HP: 23/64 MP: 6/11
  5126 | D:6      | Noticed Edmund
  5139 | D:6      | Killed Edmund
  5139 | D:6      | Reached skill level 5 in Armour
  5139 | D:6      | Reached skill level 5 in Stealth
  5206 | D:6      | Found a staircase to the Ecumenical Temple.
  5212 | Temple   | Entered the Ecumenical Temple
  5226 | Temple   | Became a worshipper of Sif Muna the Loreminder
  5792 | D:6      | Reached skill level 4 in Hexes
  6235 | D:5      | Reached skill level 5 in Hexes
  6738 | D:7      | Reached skill level 6 in Hexes
  6738 | D:7      | Reached XP level 9. HP: 50/69 MP: 13/15
  6799 | D:7      | Noticed a hippogriff
  6811 | D:7      | Killed a hippogriff
  6811 | D:7      | Reached skill level 7 in Hexes
  6914 | D:7      | Reached * piety under Sif Muna
  7079 | D:8      | Got a bronze plate armour
  7091 | D:8      | Identified the +5 plate armour "Gehono" {-Tele Regen+ Str+4} (You found it on level 8 of the Dungeon)
  7122 | D:8      | You fall through a shaft!
  7137 | D:8      | Noticed a hippogriff
  7137 | D:8      | Noticed a troll
  7138 | D:8      | Noticed Joseph
  7405 | D:9      | Killed a troll
  7405 | D:9      | Reached skill level 8 in Hexes
  7679 | D:9      | Reached skill level 9 in Hexes
  7827 | D:9      | Found a staircase to the Orcish Mines.
  7937 | D:9      | Found Malodeodgh's Book Shop.
  8014 | D:9      | Reached skill level 5 in Spellcasting
  8319 | D:8      | Noticed a hippogriff
  8361 | D:9      | Killed a hippogriff
  8361 | D:9      | Reached ** piety under Sif Muna
  8410 | D:8      | Reached skill level 10 in Hexes
  8474 | D:9      | Reached XP level 10. HP: 48/76 MP: 15/17
  8541 | D:8      | Killed Joseph
  8541 | D:8      | Reached skill level 11 in Hexes
  8544 | D:8      | Noticed Grum
  8603 | D:9      | Killed Grum
  8686 | D:8      | Reached *** piety under Sif Muna
  8686 | D:8      | Reached skill level 12 in Hexes
  8788 | D:8      | Noticed a two-headed ogre
  8814 | D:8      | Killed a two-headed ogre
  9048 | D:8      | Found Julirphos's Magic Scroll Boutique.
  9053 | D:8      | Bought a scroll of magic mapping for 35 gold pieces
  9082 | D:10     | Entered Level 10 of the Dungeon
  9148 | D:10     | Reached skill level 13 in Hexes
  9309 | D:10     | Reached **** piety under Sif Muna
  9328 | D:10     | Reached XP level 11. HP: 60/81 MP: 17/20
  9375 | D:10     | Reached skill level 14 in Hexes
  9555 | D:10     | Found a staircase to the Lair.
 10322 | D:10     | Noticed Sonja
 10380 | D:10     | Killed Sonja
 10504 | D:10     | Noticed a two-headed ogre
 10541 | D:10     | Killed a two-headed ogre
 10541 | D:10     | Reached skill level 5 in Dodging
 11036 | D:11     | Reached ***** piety under Sif Muna
 11085 | D:11     | Noticed Josephine
 11126 | D:11     | Noticed Harold
 11184 | D:11     | Killed Harold
 11184 | D:11     | Identified Sif Muna's Disquisition on Doomed Transmigration (Sif Muna gifted it to you on level 11 of the Dungeon)
 11184 | D:11     | Received a gift from Sif Muna
 11454 | D:10     | Reached skill level 15 in Hexes
 11454 | D:10     | Reached XP level 12. HP: 91/91 MP: 18/22
 11497 | Lair:1   | Entered Level 1 of the Lair of Beasts
 11823 | Lair:1   | Reached skill level 16 in Hexes
 11877 | Lair:1   | Learned a level 2 spell: Sublimation of Blood
 12104 | Lair:1   | You fall through a shaft!
 12212 | Lair:2   | Noticed a death yak
 12213 | Lair:2   | Noticed a death yak
 12214 | Lair:2   | Noticed a death yak
 12214 | Lair:2   | Noticed a death yak
 12540 | Lair:3   | Found a frozen archway.
 12647 | IceCv    | Entered an ice cave
 13319 | IceCv    | Reached skill level 17 in Hexes
 13395 | IceCv    | Noticed a frost giant
 13546 | IceCv    | Got an iridescent halberd
 13568 | IceCv    | Reached XP level 13. HP: 78/97 MP: 5/24
 13571 | IceCv    | Identified the +4 halberd "Taiqim" {freeze, *Contam rF+ MR+} (You found it in an ice cave)
 14019 | IceCv    | Identified Sif Muna's Catalogue of Curses (Sif Muna gifted it to you in an ice cave)
 14019 | IceCv    | Received a gift from Sif Muna
 14024 | IceCv    | Learned a level 2 spell: Slow
 14030 | IceCv    | Learned a level 5 spell: Silence
 14412 | IceCv    | Killed a frost giant
 14412 | IceCv    | Reached skill level 18 in Hexes
 14844 | Lair:3   | Noticed a seven-headed hydra
 14894 | Lair:3   | Killed a seven-headed hydra
 14894 | Lair:3   | Reached skill level 1 in Necromancy
 14894 | Lair:3   | Reached skill level 1 in Air Magic
 15030 | Lair:3   | Got a pair of transparent gloves
 15037 | Lair:3   | Identified the cursed +0 pair of gloves of Too Many Cooks {Regen+ Str+6 Int+2 Dex-3} (You found it on level 3 of the Lair of Beasts)
 15388 | Lair:4   | Noticed a six-headed hydra
 15424 | Lair:4   | Killed a six-headed hydra
 15503 | Lair:4   | Found a staircase to the Shoals.
 15819 | Lair:4   | Found a staircase to the Snake Pit.
 15915 | Lair:4   | Noticed a five-headed hydra
 16003 | Lair:4   | Killed a five-headed hydra
 16554 | Lair:4   | Received a gift from Sif Muna
 16555 | Lair:4   | Identified Sif Muna's Guide on Aerial Malediction (Sif Muna gifted it to you on level 4 of the Lair of Beasts)
 16812 | Lair:5   | Found a burning altar of Makhleb.
 16973 | Lair:5   | Noticed a six-headed hydra
 17022 | Lair:5   | Killed a six-headed hydra
 17022 | Lair:5   | Reached XP level 14. HP: 70/106 MP: 16/26
 17348 | Lair:6   | Entered Level 6 of the Lair of Beasts
 17422 | Lair:6   | Noticed Nessos
 17590 | Lair:5   | Killed Nessos
 17959 | Lair:6   | Noticed a dire elephant
 19938 | D:11     | Got an ichor-stained battleaxe
 19943 | D:11     | Identified the +8 battleaxe of the Unseen Realm {protect, +Blink rC- Int+8} (You found it on level 11 of the Dungeon)
 20452 | D:11     | Killed Josephine
 20452 | D:11     | Reached skill level 5 in Necromancy
 20660 | D:12     | Received a gift from Sif Muna
 20944 | D:12     | Reached skill level 19 in Hexes
 21191 | D:12     | Reached skill level 10 in Spellcasting
 21191 | D:12     | Reached skill level 5 in Air Magic
 21209 | D:12     | Found a snail-covered altar of Cheibriados.
 21399 | D:13     | Found a labyrinth entrance.
 21463 | Lab      | Entered a labyrinth
 21770 | Lab      | Reached XP level 15. HP: 97/113 MP: 22/29
 21775 | Lab      | Got an ichor-stained hunting sling
 22217 | D:13     | Identified the +5 hunting sling of Caxkeos {speed, rC++ MR++ Int-5} (You took it off a minotaur in a labyrinth)
 23284 | D:14     | Found a gate to the Vaults.
 23341 | D:14     | Received a gift from Sif Muna
 23347 | D:14     | Learned a level 3 spell: Regeneration
 23410 | D:14     | Reached skill level 1 in Charms
 24228 | D:15     | Entered Level 15 of the Dungeon
 24558 | D:15     | Reached skill level 20 in Hexes
 25028 | D:15     | Found a staircase to the Depths.
 25203 | D:14     | Reached skill level 5 in Charms
 25290 | D:14     | Reached XP level 16. HP: 87/120 MP: 22/32
 25342 | D:15     | Received a gift from Sif Muna
 25374 | D:15     | Noticed Rupert
 25376 | D:15     | Reached skill level 1 in Evocations
 25617 | Orc:1    | Entered Level 1 of the Orcish Mines
 25682 | Orc:2    | Entered Level 2 of the Orcish Mines
 25682 | Orc:2    | Found a staircase to the Elven Halls.
 26180 | Snake:1  | Entered Level 1 of the Snake Pit
 27735 | Orc:2    | Found Geshraeva's General Store.
 27739 | Orc:2    | Found Echucze's Antique Armour Boutique.
 27743 | Orc:2    | Bought a potion of mutation for 96 gold pieces
 27745 | Orc:2    | Found Ymis's Book Boutique.
 27747 | Orc:2    | Found Gyadi's Antique Armour Shoppe.
 27784 | Orc:2    | Bought a scorched plate armour for 728 gold pieces
 27817 | Orc:2    | Identified the +1 plate armour "Qaudod" {rC- rCorr MP+9 Slay+3} (You bought it in a shop on level 2 of the Orcish Mines)
 28002 | D:9      | Gained mutation: You are resistant to hostile enchantments. (MR+) [potion of mutation]
 28002 | D:9      | Gained mutation: Your mind is acute. (Int +2) [potion of mutation]
 28333 | Shoals:1 | Entered Level 1 of the Shoals
 28566 | Snake:1  | Reached skill level 1 in Shields
 30207 | Shoals:1 | Found Waefu's Jewellery Shoppe.
 30244 | Shoals:1 | Bought an uncursed amulet of faith for 560 gold pieces
 30252 | Shoals:1 | Bought a +2 ring of slaying for 294 gold pieces
 30816 | Snake:2  | Reached skill level 5 in Shields
 31324 | Snake:2  | HP: 6/121 [naga/splash of poison (5)]
 31326 | Snake:2  | Mangled by a naga

Skill      XL: |  1  2  3  4  5  6  7  8  9 10 11 12 13 14 15 16 |
---------------+-------------------------------------------------+-----
Fighting       | 1 2 3 4 5 6 7 8 9 |  9.6
Dodging        | 2 3 4 5 6 7 |  7.7
Armour         | 4 5 6 7 8 |  8.7
Stealth        | 4 5 6 7 |  7.0
Hexes          | 6 10 13 15 17 18 19 20 | 20.0
Spellcasting   | 4 5 6 7 8 10 12 | 12.0
Necromancy     | 3 5 6 |  6.0
Air Magic      | 2 5 |  5.6
Charms         | 5 6 |  6.0
Evocations     | 3 |  3.3
Shields        | 6 |  6.8
Short Blades   | |  1.0

Action                   |  1- 3 |  4- 6 |  7- 9 | 10-12 | 13-15 | 16-18 || total
-------------------------+-------+-------+-------+-------+-------+-------++-------
Melee: Dagger            |   136 |   132 |    10 |       |       |       ||   278
       Scimitar          |       |    26 |    15 |    31 |     7 |       ||    79
       Whip              |       |       |   334 |  1031 |  1015 |       ||  2380
       Flail             |       |       |    78 |   135 |       |       ||   213
       Trident           |       |       |       |    10 |       |       ||    10
       Halberd           |       |       |       |       |   140 |       ||   140
       Battleaxe         |       |       |       |       |   830 |   566 ||  1396
       Great sword       |       |       |       |       |   183 |       ||   183
 Cast: Corona            |    28 |    37 |    56 |   129 |     4 |       ||   254
       Confuse           |       |     2 |    25 |    84 |   160 |    67 ||   338
       Slow              |       |       |       |       |   155 |    73 ||   228
       Regeneration      |       |       |       |       |       |    23 ||    23
       Silence           |       |       |       |       |       |     3 ||     3
 Abil: Dig               |     3 |     1 |    16 |    31 |    55 |    15 ||   121
Evoke: Lightning rod     |       |       |       |       |       |     2 ||     2
  Use: Scroll            |       |     2 |     2 |     3 |     8 |       ||    15
       Potion            |       |       |       |       |     3 |     8 ||    11
 Stab: Sleeping          |     1 |     3 |     4 |       |       |       ||     8
       Confused          |       |     1 |     4 |    52 |    47 |    14 ||   118
  Eat: Chunk             |     3 |     8 |    18 |    32 |    43 |    27 ||   131
       Ration            |       |       |     1 |       |     3 |       ||     4
Armor: Robe              |    21 |       |       |       |       |       ||    21
       Ring mail         |    26 |    48 |    93 |       |       |       ||   167
       Plate armour      |       |       |   148 |   960 |  1647 |   504 ||  3259
       Troll leather arm |       |       |    28 |       |       |       ||    28
Dodge: Dodged            |    88 |    90 |   327 |   621 |  1283 |   348 ||  2757
       Rpst.: Scimitar   |       |     9 |     3 |     3 |     1 |       ||    16
       Great sword       |       |       |       |       |     3 |       ||     3
